 Dungeon Crawl Stone Soup version 0.31.0-4-g52a2dc7128 (webtiles) character file.

Game seed: 12540610542373511479

506 Hopman the Sneak (level 6, -1/28 HPs)
             Began as a Spriggan Alchemist on Jan 22, 2024.
             Was a Believer of Ru.
             Shot with an arrow by a centaur (6 damage)
             ... on level 5 of the Dungeon.
             The game lasted 00:20:28 (4219 turns).

Hopman the Sneak (Spriggan Alchemist)               Turns: 4219, Time: 00:20:29

Health: -1/28      AC:  2    Str:  4    XL:     6   Next: 97%
Magic:  12/14      EV: 33    Int: 19    God:    Ru [**....]
Gold:   1348       SH:  0    Dex: 15    Spells: 11/14 levels left

rFire   . . .        p - +5 spear of Objectivity {pain, Will++}
rCold   . . .        (no shield)
rNeg    . . .        a - +0 robe
rPois   .            (helmet restricted)
rElec   .            o - scarf {+Inv}
rCorr   +            (gloves unavailable)
SInv    +            (boots unavailable)
Will    +++..        i - amulet of the acrobat
Stlth   +++          r - ring of resist corrosion
HPRegen 0.00/turn    (no ring)
MPRegen 0.14/turn

%: acrobat
@: acrobatic, inhibited regen, very quick
A: very small, no large weapons, unfitting armour, see invisible, speed 3,
inhibited regeneration, hated by all
a: Renounce Religion, Evoke Invisibility


You were on level 5 of the Dungeon.
You worshipped Ru.
Ru was pleased with you.
You visited 1 branch of the dungeon, and saw 5 of its levels.

You collected 1348 gold pieces.

Inventory:

Hand Weapons
 p - the +5 spear of Objectivity (weapon) {pain, Will++}
   (You took it off an orc on level 3 of the Dungeon)

   Will++:    It greatly increases your willpower.
Armour
 a - a +0 robe (worn)
 n - a +0 cloak
 o - a scarf of invisibility (worn)
Jewellery
 i - an amulet of the acrobat (around neck)
 r - a ring of resist corrosion (left hand)
Scrolls
 c - a scroll of amnesia {unknown}
 e - 4 scrolls of identify {unknown}
 h - 2 scrolls of fear {unknown}
 k - 4 scrolls of immolation {unknown}
 q - a scroll of poison {unknown}
 s - 2 scrolls of teleportation {unknown}
Potions
 b - a potion of magic
 d - 3 potions of brilliance {unknown}
 f - a potion of might {unknown}
 g - a potion of invisibility {unknown}
 j - 6 potions of curing {unknown}
 l - a potion of cancellation {unknown}
 m - a potion of lignification {unknown}
 t - a potion of enlightenment {unknown}
 u - a potion of resistance {unknown}


   Skills:
 + Level 4.5 Dodging
 + Level 5.2 Stealth
 * Level 4.7 Spellcasting
 + Level 2.0 Conjurations
 + Level 1.6 Hexes
 + Level 1.0 Fire Magic
 + Level 1.2 Air Magic
 * Level 4.8 Alchemy


You had 11 spell levels left.
You knew the following spells:

 Your Spells              Type           Power      Damage    Failure   Level
a - Sting                 Conj/Alch      68%        1d7       3%          1
b - Mercury Vapours       Alch/Air       30%        N/A       5%          2

Your spell library contained the following spells:

 Spells                   Type           Power      Damage    Failure   Level
 Mephitic Cloud           Conj/Alch/Air  14%        N/A       13%         3
 Olgreb's Toxic Radiance  Alch           22%        N/A       17%         4
 Inner Flame              Hex/Fire       9%         N/A       22%         3
 Sticky Flame             Fire/Alch      15%        2d5       36%         4
 Irradiate                Conj/Alch      8%         3d14      65%         5
 Freezing Cloud           Conj/Ice/Air   4%         6-21      92%         5
 Ignition                 Fire           4%         3d4       100%        8


Dungeon Overview and Level Annotations

Branches:
Dungeon (5/15)
 Temple: D:4-7

Altars:
Ru
Zin

Shops:
D:3 ?

Annotations:
D:3 Noisytoot's ghost, amateur GnSh


Innate Abilities, Weirdness & Mutations

You are very small and have problems with some larger weapons.
You are too small for most types of armour.
You have supernaturally acute eyesight. (SInv)
You cover ground extremely quickly. (Speed+++)
You do not regenerate when monsters are visible.
You are hated by all.


Message History

You feel a bit more experienced.
You start resting.
Magic restored.
You start resting.
HP restored.
Done exploring.
There is a stone staircase leading down here.
You climb downwards.
There is a stone staircase leading up, spattered with blood here.
There is a stone staircase leading up, spattered with blood here.
Found a stone staircase leading up.
d - 3 white potions (gained 1)
j - 6 fizzy cyan potions (gained 1)
c - a scroll labelled JAVYSOCASS A centaur comes into view.
Casting: Sting (safe; 3% risk of failure)
Confirm with . or Enter, or press ? or * to list all spells.
Aiming: Sting (safe; 3% risk of failure)
Press: ? - help, Shift-Dir - straight line, f - centaur
Aim: a centaur (asleep, 100% to hit)
The sting hits the centaur.
The centaur is poisoned.
The centaur is lightly wounded.
The centaur shouts!
You hear a shout! x2
The centaur wields a +0 shortbow.
The centaur shoots an arrow.
The arrow hits you!
An orc comes into view. It is wielding a +0 club.
An orc comes into view. It is wielding a +0 trident.
Casting: Sting (safe; 3% risk of failure)
Confirm with . or Enter, or press ? or * to list all spells.
Aiming: Sting (safe; 3% risk of failure)
Press: ? - help, Shift-Dir - straight line, f/p - centaur
Aim: a centaur, wielding a +0 shortbow (lightly wounded, poisoned, 84% to hit)
The sting hits the centaur but does no damage.
The centaur looks even sicker.
The centaur is lightly wounded.
The centaur shoots an arrow.
The arrow hits you!
An orc comes into view.
It is wielding a +1 hand axe of draining.
The centaur shoots an arrow.
The arrow hits you!
* * * LOW HITPOINT WARNING * * *
The centaur shoots an arrow.
The arrow hits you.
You die...

..............# ...
..............##..#
..............##..### ..
............# #....###..
..........#####......... .
.#........##.......... ..
##........##......... ...
##.................## ....
##.....@..#.#........#.. ....c
##.c##..######...........
o.....#...##..# ###..#.####....
#.o.......##...##.##.#...#....#
..o.......##.........#.......#
......#.###.......#...........#
...#..#.. .............###..###
.. #....# .............# #.##..
. #....# .........# #.....


You could see a centaur (very poisoned).

Vanquished Creatures
  3 scorpions
  An orc priest (D:3)
  Crazy Yiuf (D:3)
  A hound (D:4)
  Natasha (twice) (D:3)
  2 iguanas (D:4)
  An orc wizard (D:4)
  Robin (D:3)
  An adder (D:2)
  A dart slug (D:4)
  15 orcs
  6 endoplasms
  4 giant cockroaches
  16 goblins
  8 hobgoblins
  6 kobolds
  A quokka (D:3)
  5 ball pythons
  5 bats
  3 frilled lizards
  3 rats
86 creatures vanquished.

Notes
Turn   | Place    | Note
-------+----------+-------------------------------------------
     0 | D:1      | Hopman the Spriggan Alchemist began the quest for the Orb.
     0 | D:1      | Reached XP level 1. HP: 9/9 MP: 5/5
   100 | D:1      | Found a faded altar of an unknown god.
   107 | D:1      | Prayed at the altar of an unknown god.
   107 | D:1      | Became a worshipper of Ru the Awakened
   122 | D:1      | Gained mutation: You are hated by all. [Ru sacrifice]
   122 | D:1      | Reached * piety under Ru
   122 | D:1      | Reached ** piety under Ru
   493 | D:2      | Reached XP level 2. HP: 13/13 MP: 3/6
   596 | D:2      | Reached skill level 1 in Conjurations
   628 | D:2      | Learned a level 2 spell: Mercury Vapours
  1051 | D:3      | Reached XP level 3. HP: 16/16 MP: 6/8
  1126 | D:3      | Found a runed translucent gate.
  1126 | D:3      | Noticed Noisytoot's ghost (amateur GnSh)
  1127 | D:3      | Found a runed translucent gate.
  1128 | D:3      | Found a runed translucent gate.
  1165 | D:3      | Identified the +5 spear of Objectivity {pain, Will++}
  1165 | D:3      | Identified the +5 ring mail of the Stallion {+Inv}
  1238 | D:3      | Noticed Robin
  1252 | D:3      | Reached skill level 4 in Stealth
  1267 | D:3      | Killed Robin
  1268 | D:3      | Reached XP level 4. HP: 21/21 MP: 3/10
  1547 | D:3      | Found a runed translucent door.
  1548 | D:3      | Noticed Crazy Yiuf
  1569 | D:3      | Killed Crazy Yiuf
  2248 | D:3      | Found Ynlest's Magic Scroll Boutique.
  2266 | D:3      | Reached XP level 5. HP: 24/24 MP: 9/11
  2288 | D:3      | Noticed Natasha
  2304 | D:3      | Killed Natasha
  2913 | D:3      | Noticed Natasha
  2939 | D:3      | Killed Natasha
  3192 | D:4      | Reached XP level 6. HP: 28/28 MP: 10/13
  3215 | D:3      | Reached skill level 5 in Stealth
  3215 | D:3      | Reached skill level 1 in Hexes
  3398 | D:4      | Reached skill level 1 in Air Magic
  3562 | D:4      | Gained mutation: You do not regenerate when monsters are
                  | visible. [Ru sacrifice]
  3713 | D:4      | Found a glowing silver altar of Zin.
  3782 | D:4      | Reached skill level 1 in Fire Magic
  4018 | D:5      | Entered Level 5 of the Dungeon
  4019 | D:5      | Identified a scroll of acquirement
  4019 | D:5      | Acquired 1133 gold pieces
  4219 | D:5      | Shot with an arrow by a centaur

Illustrated notes

Levels and vault maps discovered:
D:1:      nicolae_arrival_memento_mori, layout_rooms,
          ebering_ecumenical_altar_ruins
D:2:      layout_rooms, st_stairs_8
D:3:      cheibrodos_old_hovel, layout_basic, biasface_ghost_orc_armoury,
          serial_shops, nicolae_shop_tiny_waterfront, uniq_crazy_yiuf_cottage,
          uniq_natasha, uniq_robin
D:4:      layout_cave_pools, mainiacjoe_overflow_cross_hatched,
          minmay_box_of_dots
D:5:      layout_cave_pools, grunt_temple_overflow_open,
          kennysheep_windowed_goal

Skill      XL: |  1  2  3  4  5  6 |
---------------+-------------------+-----
Dodging        | 3 4 |  4.5
Spellcasting   | 3 4 |  4.7
Conjurations   | 1 2 |  2.0
Stealth        | 4 5 |  5.2
Alchemy        | 4 |  4.8
Hexes          | 1 |  1.6
Air Magic      | 1 |  1.2
Fire Magic     | 1 |  1.0

Action                     |  1- 3 |  4- 6 || total
---------------------------+-------+-------++-------
  Melee: Unarmed           |     5 |     1 ||     6
         Spear             |       |     2 ||     2
         Punch             |       |     1 ||     1
   Cast: Sting             |    35 |   122 ||   157
         Mercury Vapours   |       |     5 ||     5
 Invoke: Sacrifice Love    |     1 |       ||     1
         Sacrifice Purity  |       |     1 ||     1
    Use: Scroll            |       |     1 ||     1
 Armour: Robe              |     3 |    18 ||    21
  Dodge: Dodged            |     7 |    31 ||    38
